 Dungeon Crawl Stone Soup version 0.32-a0-900-g30fb1b0edc (webtiles) character file.

Game seed: 9158133012231907117

23 RBrandon the Chopper (level 3, 28/29 HPs)
             Began as a Coglin Berserker on Apr 5, 2024.
             Was a Follower of Kikubaaqudgha.
             Quit the game on level 1 of the Dungeon.
             The game lasted 00:01:17 (531 turns).

RBrandon the Chopper (Coglin Berserker)              Turns: 531, Time: 00:01:17

Health: 28/29      AC: 16    Str: 17    XL:     3   Next: 0%
Magic:  3/3        EV:  7    Int:  8    God:    Kikubaaqudgha [*.....]
Gold:   13         SH:  0    Dex: 13    Spells: 2/2 levels left

rFire   . . .        a - +0 hand axe {Gabriela}
rCold   . . .        h - +0 dagger (protect) {Bianca}
rNeg    . . .        e - +0 chain mail
rPois   .            d - +0 helmet
rElec   .            (no cloak)
rCorr   .            (no gloves)
SInv    .            (no boots)
Will    .....        (amulet unavailable) Stlth
                     (ring unavailable)
HPRegen 0.24/turn    (ring unavailable)
MPRegen 0.08/turn    (no gizmo)

%: no passive effects
@: under a protective aura, revved
A: off-hand wielding, slow wielding, warmup strikes, no jewellery
a: Invent Gizmo, Renounce Religion, Unearth Wretches


You were on level 1 of the Dungeon.
You worshipped Kikubaaqudgha.
Kikubaaqudgha was aware of your devotion.
You visited 1 branch of the dungeon, and saw 1 of its levels.

You collected 13 gold pieces.

Inventory:

Hand Weapons
 a - a +0 hand axe (weapon) {Gabriela}
 c - a +0 dagger {Lucius}
 h - a +0 dagger of protection (offhand) {Bianca}
   (You took it off a goblin on level 1 of the Dungeon)
Armour
 b - a +0 animal skin
 d - a +0 helmet (worn)
 e - a +0 chain mail (worn)
Scrolls
 f - 2 scrolls of teleportation {unknown}
 g - a scroll of revelation {unknown}
 j - a scroll of enchant weapon {unknown}
Potions
 i - a potion of curing {unknown}


   Skills:
 + Level 3.3 Fighting
 * Level 3.6 Axes
 + Level 2.0 Armour
 - Level 1.7 Dodging


You had 2 spell levels left.
You didn't know any spells.
Your spell library contained the following spells:

 Spells                   Type           Power      Damage    Failure   Level
 Necrotise                Necr           0%         1d4       99%         1
 Sublimation of Blood     Necr           0%         N/A       100%        2
 Fugue of the Fallen      Necr           0%         N/A       100%        3
 Vampiric Draining        Necr           0%         2d6       100%        3


Dungeon Overview and Level Annotations

Branches:
Dungeon (1/15)

Altars:
Kikubaaqudgha


Innate Abilities, Weirdness & Mutations

You can wield a second weapon in your off-hand.
It takes a long time for you to wield or remove held weapons.
Your first few attacks do less damage.
You cannot equip rings or amulets.


Message History

Kikubaaqudgha accepts your prayer!
You have lost your religion!
Trog does not appreciate desertion!
Kikubaaqudgha welcomes you!
You can now bring forth the wretched and dying.
Kikubaaqudgha grants you a gift!
You add the spells Necrotise, Sublimation of Blood, Fugue of the Fallen and Vampiric Draining to your library.
Unknown command.
Press < or > to pray at altars.
There are no items here.
There is an open door here.
A quokka and a goblin come into view.
The goblin shouts!
Found 9 gold pieces.
You closely miss the goblin with your +0 dagger of protection.
You hit the goblin but do no damage. The goblin barely misses you.
You hit the quokka but do no damage.
You closely miss the goblin with your +0 hand axe.
You closely miss the quokka with your +0 dagger of protection.
The goblin hits you with a +0 club.
The quokka bites you but does no damage.
The goblin hits you but does no damage. The quokka barely misses you.
You barely miss the quokka with your +0 hand axe.
You barely miss the goblin with your +0 hand axe.
You closely miss the quokka with your +0 dagger of protection.
The quokka bites you. The goblin hits you but does no damage.
You hit the quokka with your +0 dagger of protection.
Your weapon exudes an aura of protection.
The quokka is severely wounded.
You hit the quokka with your +0 hand axe.
You kill the quokka!
Kikubaaqudgha accepts your kill.
You hit the goblin with your +0 hand axe.
The goblin hits you but does no damage.
You have reached level 3!
Your experience leads to an increase in your attributes!
Increase (S)trength, (I)ntelligence, or (D)exterity?
You feel clever. x2
Your brain swirls with designs for a tungsten supergenerator.
You just need some more time...
Are you sure you want to abandon this character and quit the game? (Confirm with "yes".)

#.#
#.#...(..#####
###.##.
#.#.........#.
.......
#.....###.....
.......
#...###_###..†
#.....
##..#ß...ß#.#.
.....
#..#.###.#.#.
.###...
##.#.#2#.#.#.
..?....####
#.#.###.#.#.
#..†@..#
#.#ß...ß#.#.
#....g##.#
#.###'###.#.
#..#.# #.#
#...P.P.....
$..... #.#
#........... .
... #.#
#.........##
##.# #.#
#########.# #.
#.# #.# .
#.###########.#
#.............#


You could see a goblin.

Vanquished Creatures
  A dart slug (D:1)
  2 ball pythons (D:1)
  A bat (D:1)
  3 endoplasms (D:1)
  A giant cockroach (D:1)
  2 goblins (D:1)
  A hobgoblin (D:1)
  2 jackals (D:1)
  A quokka (D:1)
  2 frilled lizards (D:1)
  A kobold (D:1)
  2 rats (D:1)
19 creatures vanquished.

Notes
Turn   | Place    | Note
-------+----------+-------------------------------------------
     0 | D:1      | RBrandon the Coglin Berserker began the quest for the Orb.
     0 | D:1      | Reached XP level 1. HP: 18/18 MP: 1/1
   106 | D:1      | Reached XP level 2. HP: 24/24 MP: 2/2
   415 | D:1      | Found a faded altar of an unknown god.
   415 | D:1      | Noticed a green death
   492 | D:1      | Prayed at the altar of an unknown god.
   492 | D:1      | Fell from the grace of Trog
   492 | D:1      | Became a worshipper of Kikubaaqudgha
   492 | D:1      | Reached * piety under Kikubaaqudgha
   492 | D:1      | Received a gift from Kikubaaqudgha
   531 | D:1      | Reached XP level 3. HP: 28/29 MP: 3/3
   531 | D:1      | Quit the game

Illustrated notes

Levels and vault maps discovered:
D:1:      onia_arrival_handbag, layout_loops_ring,
          dreamdust_ecumenical_altar_sealed_demon, serial_park_tiny_1,
          kennysheep_nondescript, grunt_decor_cap, patterned_corridor

Skill      XL: |  1  2 |
---------------+-------+-----
Armour         | 2 |  2.0
Fighting       | |  3.3
Axes           | |  3.6
Dodging        | |  1.7

Action                     || total
---------------------------++-------
  Melee: Dagger            ||    45
         Hand axe          ||    45
   Stab: Sleeping          ||     1
 Armour: Chain mail        ||    36
         Animal skin       ||     1
  Dodge: Dodged            ||    15

Table legend: (Time is in decaauts)
 A = Elapsed time spent in this place.
 B = Non-inter-level travel time spent in this place.
 C = Inter-level travel time spent in this place.
 D = Time resting spent in this place.
 E = Time spent auto-exploring this place.
 F = Levels seen in this place.
 G = Mean time per level.
                   A        B        C        D        E       F      G
               +--------+--------+--------+--------+--------+-----+--------+
         Total |    534 |    502 |     32 |      0 |    350 |   1 |  534.0 |
       Dungeon |    534 |    502 |     32 |      0 |    350 |   1 |  534.0 |
               +--------+--------+--------+--------+--------+-----+--------+

Top non-repeatable levels by time:
     D:1: 534 daAuts

Levels and vault maps discovered:
D:1:      onia_arrival_handbag, layout_loops_ring,
          dreamdust_ecumenical_altar_sealed_demon, serial_park_tiny_1,
          kennysheep_nondescript, grunt_decor_cap, patterned_corridor

Table legend: (Time is in decaauts)
 A = Elapsed time spent in this place.
 B = Non-inter-level travel time spent in this place.
 C = Inter-level travel time spent in this place.
 D = Time resting spent in this place.
 E = Time spent auto-exploring this place.
 F = Levels seen in this place.
 G = Mean time per level.
                   A        B        C        D        E       F      G
               +--------+--------+--------+--------+--------+-----+--------+
         Total |    534 |    502 |     32 |      0 |    350 |   1 |  534.0 |
       Dungeon |    534 |    502 |     32 |      0 |    350 |   1 |  534.0 |
               +--------+--------+--------+--------+--------+-----+--------+

Top non-repeatable levels by time:
     D:1: 534 daAuts

Table legend:
 A = Kills in this place as a percentage of kills in the entire game.
 B = Kills by you in this place as a percentage of kills by you in the entire game.
 C = Kills by friends in this place as a percentage of kills by friends in the entire game.
 D = Other kills in this place as a percentage of other kills in the entire game.
 E = Experience gained in this place as a percentage of experience gained in the entire game.
 F = Experience gained in this place divided by the number of levels of this place that you have seen.
                   A       B       C       D       E      F
               +-------+-------+-------+-------+-------+----------------------
         Total | 100.0 | 100.0 |   N/A |   N/A | 100.0 |  34.0
       Dungeon | 100.0 | 100.0 |   N/A |   N/A | 100.0 |  34.0
               +-------+-------+-------+-------+-------+----------------------
